 Dungeon Crawl Stone Soup version 0.26-a0-1026-g544776af23 (webtiles) character file.

Game seed: 12784987485946168620

17745 ardl the Fighter (level 12, 99/101 HPs)
             Began as a Demonspawn Brigand on Dec 10, 2020.
             Was a Follower of Uskayaw.
             Quit the game on level 2 of the Lair of Beasts.
             The game lasted 00:25:35 (14871 turns).

ardl the Fighter (Demonspawn Brigand)              Turns: 14871, Time: 00:25:36

Health: 99/101     AC: 16    Str: 25    XL:     12   Next: 21%
Magic:  18/18      EV: 10    Int: 13    God:    Uskayaw [*.....]
Gold:   333        SH:  9    Dex: 13    Spells: 11/11 levels left

rFire    . . .     SeeInvis .   f - +2 dagger (venom)
rCold    + . .     Faith    .   u - +0 buckler
rNeg     . . .     Spirit   +   H - +3 chain mail "Viess" {+Blink rC+ Dex-2}
rPois    .         Reflect  +   (no helmet)
rElec    .         Harm     .   c - +2 cloak
rCorr    +         Rampage  .   F - +0 pair of gloves {Str+3}
Will     .....                  (no boots)
Stlth    ..........             s - amulet of reflection
HPRegen  0.26/turn              l - +6 ring of strength
MPRegen  0.32/turn              C - ring of resist corrosion

@: no status effects
A: claws 1, demonic guardian 2, magic shield, magic regeneration
a: Stomp, Renounce Religion, Evoke Blink


You were on level 2 of the Lair of Beasts.
You worshipped Uskayaw.
Uskayaw was aware of your devotion.
You visited 3 branches of the dungeon, and saw 13 of its levels.

You collected 553 gold pieces.
You spent 220 gold pieces at shops.

Inventory:

Hand Weapons
 f - a +2 dagger of venom (weapon)
 E - a +4 vampiric great sword
 I - the +5 scimitar of Hospitality {venom, rC- MP+9 Dex+2 Stlth+}
   (You found it on level 8 of the Dungeon)

   It poisons the flesh of those it strikes.
   It affects your dexterity (+2).
   It makes you vulnerable to cold.
   It affects your magic capacity (+9).
   It makes you more stealthy.
 O - a +5 great sword
Missiles
 b - a throwing net
 d - 31 poisoned darts (quivered)
 e - 2 curare-tipped darts
 m - 7 datura-tipped darts
Armour
 c - a +2 cloak (worn)
 u - a +0 buckler (worn)
 x - a +0 plate armour
 F - a +0 pair of gloves of strength (worn)
 H - the +3 chain mail "Viess" (worn) {+Blink rC+ Dex-2}
   (You found it on level 8 of the Dungeon)

   It affects your dexterity (-2).
   It protects you from cold.
   It lets you blink.
Jewellery
 l - a +6 ring of strength (left hand)
 s - an amulet of reflection (around neck)
 C - a ring of resist corrosion (right hand)
 G - the macabre finger necklace {rN+}
   (You found it on level 8 of the Dungeon)

   [amulet of nothing]

   It protects you from negative energy.
 N - an uncursed ring of positive energy
 Q - a cursed amulet of inaccuracy {unknown}
Wands
 z - a wand of acid (9)
 B - a wand of flame (18)
 D - a wand of digging (8)
 L - a wand of paralysis (7)
 P - a wand of disintegration (3)
Scrolls
 g - 4 scrolls of fear
 i - a scroll of identify
 j - a scroll of magic mapping
 k - 4 scrolls of enchant armour
 t - 7 scrolls of teleportation
 w - 6 scrolls of remove curse
 y - a scroll of fog
 A - 3 scrolls of enchant weapon
Potions
 a - a potion of attraction
 h - 2 potions of haste
 n - 3 potions of flight
 o - 2 potions of lignification
 p - 2 potions of heal wounds {unknown}
 q - 6 potions of curing
 r - 7 potions of resistance
 v - 2 potions of brilliance
 M - 2 potions of magic
Miscellaneous
 J - a phantom mirror
 K - a tin of tremorstones (2/2)


   Skills:
 + Level 11.7 Fighting
 - Level 8.0(9.7) Short Blades
 * Level 8.9(10.1) Long Blades
 - Level 2.0 Throwing
 - Level 4.0 Armour
 - Level 4.0 Dodging
 - Level 3.6 Stealth
 - Level 2.0 Shields
 - Level 8.0 Invocations
 - Level 5.0 Evocations


You had 11 spell levels left.
You didn't know any spells.
Your spell library contained the following spells:

 Spells                   Type           Power        Failure   Level
 Sandblast                Erth           #.....       95%         1
 Passwall                 Tmut/Erth      #.......     99%         2
 Stone Arrow              Conj/Erth      #.....       100%        3
 Petrify                  Tmut/Erth      #.......     100%        4
 Lee's Rapid Deconstruct  Erth           #.........   100%        5


Dungeon Overview and Level Annotations

Branches:
Dungeon (10/15)            Temple (1/1) D:5            Lair (2/6) D:8
  Swamp: Lair:2-4    Shoals: Lair:2-4     Snake: Lair:2-4    Spider: Lair:2-4
    Orc: D:9-12

Altars:
Ashenzari
Cheibriados
Dithmenos
Elyvilon
Fedhas
Gozag
Hepliaklqana
Kikubaaqudgha
Makhleb
Nemelex Xobeh
Okawaru
Qazlal
Ru
Sif Muna
Trog
Uskayaw
Vehumet
Wu Jian
Xom
Yredelemnul
Zin
The Shining One
Beogh

Shops:
D:6 *

Annotations:
D:6 3 runed translucent doors, ele dag, gloves, Anlio's ghost, novice GrFi


Innate Abilities, Weirdness & Mutations

You have sharp fingernails.
A demonic guardian rushes to your aid.
When hurt, damage is shared between your health and your magic reserves.
You regenerate magic rapidly.


Message History

You see here a scroll of identify.
The wolf closely misses you.
You hit the wolf.
The wolf is poisoned.
The wolf bites you but does no damage.
You hit the wolf.
The wolf looks as sick as possible!
You block the wolf's attack.
You miss the wolf. You block the wolf's attack.
You hit the wolf. You hit the wolf.
The wolf looks as sick as possible!
The wolf pauses to sniff the ground.
The wolf bites you but does no damage.
You hit the wolf.
The wolf looks as sick as possible!
The wolf closely misses you.
You hit the wolf but do no damage.
The wolf looks as sick as possible!
The wolf bites you but does no damage.
You hit the wolf.
You kill the wolf!
No target in view!
No target in view!
i - a scroll of identify;
Q - a square filigree amulet
t - 7 scrolls of teleportation (gained

1) #.#..# ##/.P†# .....##
#.†...## #...>.###......###
#####.#.+#.#.♣.........
####..........♣♣.....♣.....
#..+.......♣...............
..#.........≈≈.............
.##........♣≈≈≈............
###.......♣..≈≈≈@.........♣
# ##..........≈≈≈.........
#......♣.....≈≈........
##..............≈.....
...............≈[≈....
...#.#P..........≈.....
#...................≈≈..
+.........♣.........≈≈≈.


There were no monsters in sight!

Vanquished Creatures
  2 hydras
  A two-headed ogre (D:8)
  A black mamba (Lair:2)
  A centaur zombie (D:10)
  2 gargoyles
  A troll (D:9)
  5 blink frogs (Lair:1)
  A wyvern (D:8)
  8 yaks
  4 water moccasins
  2 ice beasts
  3 black bears (D:8)
  3 orc warriors
  A sky beast (D:8)
  21 wolves
  A necrophage (D:6)
  2 phantoms
  6 ogres
  6 centaurs
  5 bullfrogs
  A big kobold (D:8)
  6 scorpions
  A killer bee (D:8)
  6 wights
  A howler monkey (D:8)
  7 electric eels (D:8)
  4 centaur skeletons
  2 bullfrog zombies
  10 orc wizards
  5 orc priests
  6 hounds
  2 jellies
  3 bullfrog skeletons
  4 iguanas
  4 worker ants
  A worker ant zombie (D:5)
  7 gnolls
  5 adders
  2 shadow imps (D:10)
  2 white imps
  5 ufetubi
  2 oozes
  An adder skeleton (D:6)
  A worm (D:3)
  A dart slug (D:1)
  5 leopard geckos
  34 orcs
  10 giant cockroaches
  11 goblins
  5 hobgoblins
  15 jackals
  21 kobolds
  4 quokkas
  A ball python (D:1)
  5 bats
  2 frilled lizards (D:2)
  A jackal skeleton (D:7)
  A leopard gecko skeleton (D:5)
  7 rats
287 creatures vanquished.

Vanquished Creatures (collateral kills)
  A two-headed ogre (D:8)
  3 centaur zombies (D:10)
  Joseph (Lair:1)
  3 cane toads
  2 hellwings (D:10)
  16 yaks
  A wyvern (D:8)
  3 basilisks (D:8)
  Menkaure (D:6)
  A water moccasin (D:8)
  A black bear (D:8)
  2 ice beasts (D:10)
  2 phantoms
  9 wolves
  2 ogres
  2 big kobolds (D:10)
  A killer bee (D:8)
  4 wights (D:9)
  A quasit (D:10)
  2 orc priests
  2 orc wizards
  A worker ant (D:9)
  4 gnolls
  An adder (D:10)
  2 shadow imps (D:10)
  A white imp (D:10)
  An ufetubus (D:10)
  A leopard gecko (D:6)
  4 orcs (D:5)
  A hobgoblin (D:2)
  3 jackals
  A bat (D:2)
  A frilled lizard (D:2)
  5 kobolds (D:10)
  A rat (D:2)
87 creatures vanquished.

Vanquished Creatures (others)
  A human (D:6)
  16 fungi
  41 plants
  7 withered plants (D:10)
65 creatures vanquished.

Grand Total: 439 creatures vanquished

Notes
Turn   | Place    | Note
-------+----------+-------------------------------------------
     0 | D:1      | ardl the Demonspawn Brigand began the quest for the Orb.
     0 | D:1      | Reached XP level 1. HP: 16/16 MP: 1/1
   173 | D:1      | Reached skill level 1 in Dodging
   464 | D:1      | Gained mutation: A weak demonic guardian rushes to your
                  | aid. [demonic ancestry]
   464 | D:1      | Reached XP level 2. HP: 17/22 MP: 2/2
  1306 | D:2      | Reached XP level 3. HP: 26/27 MP: 3/3
  1344 | D:2      | Gained mutation: When hurt, damage is shared between your
                  | health and your magic reserves. [demonic ancestry]
  1344 | D:2      | Reached XP level 4. HP: 15/33 MP: 4/4
  2050 | D:3      | Reached XP level 5. HP: 38/38 MP: 3/5
  2199 | D:3      | Found a shimmering altar of Xom.
  2201 | D:3      | Found a bloodstained altar of Trog.
  2201 | D:3      | Found a glowing golden altar of the Shining One.
  2203 | D:3      | Found a shimmering altar of Xom.
  2203 | D:3      | Found an iron altar of Okawaru.
  2203 | D:3      | Found an ancient bone altar of Kikubaaqudgha.
  2721 | D:4      | Noticed an ogre
  2761 | D:4      | Killed an ogre
  3087 | D:4      | Found a stormy altar of Qazlal.
  3125 | D:4      | Gained mutation: A demonic guardian rushes to your aid.
                  | [demonic ancestry]
  3125 | D:4      | Reached XP level 6. HP: 35/44 MP: 4/6
  3326 | D:4      | Reached skill level 5 in Short Blades
  3793 | D:5      | Entered Level 5 of the Dungeon
  3963 | D:5      | Reached skill level 1 in Shields
  4082 | D:5      | Found a staircase to the Ecumenical Temple.
  4095 | D:5      | Gained mutation: You regenerate magic rapidly. [demonic
                  | ancestry]
  4095 | D:5      | Reached XP level 7. HP: 49/51 MP: 7/7
  4103 | Temple   | Entered the Ecumenical Temple
  4190 | Temple   | Became a worshipper of Uskayaw the Reveller
  4247 | D:5      | Reached skill level 3 in Fighting
  4256 | D:5      | Reached * piety under Uskayaw
  4342 | D:5      | Reached skill level 4 in Fighting
  4345 | D:5      | Reached ** piety under Uskayaw
  4736 | D:5      | Reached skill level 5 in Fighting
  4875 | D:6      | Noticed a yak
  4875 | D:6      | Noticed a yak
  4875 | D:6      | Noticed a yak
  4875 | D:6      | Noticed a yak
  4876 | D:6      | Noticed a yak
  4973 | D:6      | Noticed Menkaure
  4980 | D:6      | Killed Menkaure
  4981 | D:6      | Reached skill level 1 in Invocations
  4983 | D:6      | Reached XP level 8. HP: 53/63 MP: 6/9
  5065 | D:6      | Reached skill level 6 in Fighting
  5078 | D:6      | Reached skill level 7 in Fighting
  5082 | D:6      | Reached skill level 1 in Armour
  5322 | D:6      | Reached *** piety under Uskayaw
  5429 | D:6      | Found an ancient bone altar of Kikubaaqudgha.
  5761 | D:6      | Found a runed translucent gate.
  5762 | D:6      | Found a runed translucent gate.
  5763 | D:6      | Found a runed translucent gate.
  5843 | D:6      | Found Hagysh's General Store.
  5846 | D:6      | Bought 2 potions of resistance for 220 gold pieces
  5915 | D:6      | Noticed Anlio's ghost (novice GrFi)
  5917 | D:6      | Found a roughly hewn altar of Beogh.
  5920 | D:6      | Identified the cursed +1 long sword "Rummage" {protect,
                  | +Rage rElec Will- Int+2}
  5932 | D:6      | Reached XP level 9. HP: 74/74 MP: 12/12
  5945 | D:6      | Reached skill level 8 in Fighting
  6966 | D:7      | Got a crystal rapier
  6967 | D:7      | Identified the +0 rapier "Embalmer" {vorpal, rF- Dex+6}
                  | (You found it on level 7 of the Dungeon)
  7634 | D:8      | Reached skill level 9 in Fighting
  7700 | D:8      | Reached **** piety under Uskayaw
  7702 | D:8      | Reached skill level 10 in Fighting
  7911 | D:8      | Found a staircase to the Lair.
  8135 | D:8      | Found a hide-covered altar of Uskayaw.
  8229 | D:8      | Noticed a gargoyle
  8234 | D:8      | Killed a gargoyle
  8235 | D:8      | Reached XP level 10. HP: 73/85 MP: 13/13
  8304 | D:8      | Noticed a two-headed ogre
  8309 | D:8      | Killed a two-headed ogre
  8324 | D:8      | Noticed a two-headed ogre
  8337 | D:8      | Killed a two-headed ogre
  8338 | D:8      | Reached skill level 5 in Invocations
  8537 | D:8      | Found the macabre finger necklace {rN+}
  8546 | D:8      | Got a steaming chain mail
  8557 | D:8      | Identified the +3 chain mail "Viess" {+Blink rC+ Dex-2}
                  | (You found it on level 8 of the Dungeon)
  8765 | D:8      | Got an ivory scimitar
  8811 | D:8      | Identified the +5 scimitar of Hospitality {venom, rC- MP+9
                  | Dex+2 Stlth+} (You found it on level 8 of the Dungeon)
  9183 | D:8      | Reached skill level 1 in Evocations
 10261 | D:9      | Found a radiant altar of Vehumet.
 10262 | D:9      | Found a white marble altar of Elyvilon.
 10935 | D:9      | Reached skill level 1 in Long Blades
 11320 | D:10     | Entered Level 10 of the Dungeon
 11320 | D:10     | Noticed a gargoyle
 11612 | D:10     | Reached skill level 5 in Evocations
 11621 | D:10     | Reached XP level 11. HP: 84/90 MP: 15/17
 12354 | D:10     | Reached skill level 5 in Long Blades
 12659 | Lair:1   | Entered Level 1 of the Lair of Beasts
 12813 | Lair:1   | Noticed a seven-headed hydra
 12832 | Lair:1   | Killed a seven-headed hydra
 13086 | Lair:1   | Reached skill level 11 in Fighting
 13101 | Lair:1   | Reached ***** piety under Uskayaw
 13768 | Lair:1   | Noticed Joseph
 13796 | Lair:1   | Killed Joseph
 14104 | Lair:2   | Noticed an eight-headed hydra
 14113 | Lair:2   | Reached ****** piety under Uskayaw
 14115 | Lair:2   | Gained mutation: You have sharp fingernails. [demonic
                  | ancestry]
 14115 | Lair:2   | Reached XP level 12. HP: 53/100 MP: 13/18
 14120 | Lair:2   | Killed an eight-headed hydra
 14871 | Lair:2   | Quit the game

Illustrated notes

Levels and vault maps discovered:
D:1:      lightli_arrival_windingriver, layout_basic, minmay_tromino_v2
D:2:      cheibrodos_helix_gallery, layout_loops_ring
D:3:      layout_loops_cross, doesnt_xom_only_xom
D:4:      layout_rooms, grunt_qazlal_clouds
D:5:      layout_basic, minmay_temple_entry_butterflies
D:6:      layout_layer_cave, biasface_ghost_orc_armoury, serial_shops,
          kennysheep_mini, tgw_kikubaaqudgha, uniq_menkaure
D:7:      layout_loops_corners
D:8:      minmay_the_grid_octo_2x2 [minmay_the_grid_octo_pinwheel,
          minmay_the_grid_octo_empty, minmay_the_grid_octo_horde,
          minmay_the_grid_octo_prize_single_spiral], layout_loops_ring,
          minmay_lair_entry_grove, basic_altar, serial_bayou_lagoon_b
D:9:      layout_irregular_city, nicolae_overflow_hidden_temple,
          serial_park_tiny_pond
D:10:     cheibrodos_grave_circle, layout_rooms
Temple:   compressed_dpeg_circular_temple
Lair:1:   layout_loops_ring, lemuel_fruit_tree, uniq_joseph
Lair:2:   layout_roguey, grunt_forest_large_clearings

Skill      XL: |  1  2  3  4  5  6  7  8  9 10 11 |
---------------+----------------------------------+-----
Dodging        | 1 2 3 4 |  4.0
Short Blades   | 2 3 4 5 7 8 |  8.0
Throwing       | 2 |  2.0
Shields        | 1 2 |  2.0
Fighting       | 5 7 10 11 | 11.7
Invocations    | 2 4 8 |  8.0
Armour         | 3 4 |  4.0
Evocations     | 5 |  5.0
Long Blades    | 2 8 |  8.9
Stealth        | |  3.6

Action                   |  1- 3 |  4- 6 |  7- 9 | 10-12 || total
-------------------------+-------+-------+-------+-------++-------
Melee: Dagger            |    96 |   254 |   547 |   772 ||  1669
       Scimitar          |       |       |       |    50 ||    50
Throw: Dart              |       |     8 |     5 |     1 ||    14
       Throwing net      |       |       |     1 |       ||     1
Invok: Grand Finale      |       |       |       |     1 ||     1
Evoke: Wand              |       |       |       |    12 ||    12
  Use: Scroll            |       |    12 |     6 |     3 ||    21
 Stab: Sleeping          |     4 |     2 |       |       ||     6
       Paralysed         |       |       |     6 |    13 ||    19
       Distracted        |       |       |       |     4 ||     4
Armor: Robe              |     9 |       |       |       ||     9
       Scale mail        |    18 |    38 |       |     6 ||    62
       Plate armour      |       |    26 |   168 |     2 ||   196
       Chain mail        |       |       |       |   229 ||   229
Dodge: Dodged            |    38 |    77 |   111 |   243 ||   469
Block: Other             |       |    11 |       |       ||    11
       Buckler           |       |    42 |   219 |   275 ||   536
       Reflection        |       |       |     7 |     7 ||    14
       Rpst.: Scimitar   |       |       |       |     7 ||     7

Table legend: (Time is in decaauts)
 A = Elapsed time spent in this place.
 B = Non-inter-level travel time spent in this place.
 C = Inter-level travel time spent in this place.
 D = Time resting spent in this place.
 E = Time spent auto-exploring this place.
 F = Levels seen in this place.
 G = Mean time per level.
                   A        B        C        D        E       F      G
               +--------+--------+--------+--------+--------+-----+--------+
         Total |  14387 |  13776 |    611 |   3772 |   7452 |  13 | 1106.7 |
       Dungeon |  12199 |  11621 |    578 |   2738 |   6616 |  10 | 1219.9 |
        Temple |     96 |     77 |     19 |      0 |     75 |   1 |   96.0 |
          Lair |   2091 |   2078 |     13 |   1034 |    761 |   2 | 1045.5 |
               +--------+--------+--------+--------+--------+-----+--------+

Top non-repeatable levels by time:
     D:8: 2487 daAuts
  Lair:1: 1671 daAuts
     D:9: 1582 daAuts
     D:6: 1444 daAuts
     D:4: 1186 daAuts
     D:5: 1096 daAuts
     D:2: 942 daAuts
     D:1: 916 daAuts
     D:7: 903 daAuts
    D:10: 822 daAuts
     D:3: 816 daAuts
  Lair:2: 419 daAuts
  Temple: 96 daAuts
